 Dungeon Crawl Stone Soup version 0.17-a0-1528-gfee3901 (webtiles) character file.

16 wvc the Magician (level 2, 0/15 HPs)
             Began as a Vine Stalker Wizard on July 15, 2015.
             Slain by an adder (1 damage)
             ... on level 2 of the Dungeon.
             The game lasted 00:04:12 (1342 turns).

wvc the Magician (Vine Stalker Wizard)              Turns: 1342, Time: 00:04:13

Health: 0/15       AC:  8    Str:  9    XL:     2   Next: 58%
Magic:  0/7        EV: 12    Int: 18    God:
Gold:   102        SH:  0    Dex: 12    Spells: 3 memorised, 2 levels left

rFire  . . .     SeeInvis .     f - +0 club
rCold  . . .     Clarity  +     a - +0 robe
rNeg   . . .     SustAt   .     (no shield)
rPois  .         Gourm    .     b - +0 hat
rElec  .         Spirit   +     o - +0 cloak
rCorr  .         Warding  .     t - +0 pair of gloves
rMut   .         Stasis   .     (no boots)
MR     .....                    (no amulet)
Stlth  ++........               (no ring)
                                (no ring)

@: lethally poisoned (0 -> -4), very slightly contaminated, not resistant to
hostile enchantments, unstealthy
A: fangs 3, iridescent scales 1, clarity, regeneration 1, magic shield,
antimagic bite, no device heal 3, rot immunity
a: no special abilities


You were on level 2 of the Dungeon.
You were not hungry.

You visited 1 branch of the dungeon, and saw 2 of its levels.

You collected 102 gold pieces.

Inventory:

Hand weapons
 f - a +0 club (weapon)
 g - a +0 dagger
 l - a +0 antimagic short sword
Missiles
 i - 23 poisoned needles
Armour
 a - a +0 robe (worn)
 b - a +0 hat (worn)
 o - a +0 cloak (worn)
 r - a +0 leather armour
 t - a +0 pair of gloves (worn)
Jewellery
 n - an uncursed amulet of stasis
Scrolls
 h - 2 scrolls of remove curse
Potions
 j - a potion of might {unknown}
 m - a potion of cure mutation
Books
 c - a book of Minor Magic

   Spells                             Type                      Level
   a - Magic Dart                     Conjuration                  1
   b - Blink                          Translocation                2
   c - Call Imp                       Summoning                    2
   d - Repel Missiles                 Charms/Air                   2
   e - Slow                           Hexes                        2
   f - Conjure Flame                  Conjuration/Fire             3
   g - Mephitic Cloud                 Conjuration/Poison/Air       3
Comestibles
 d - a bread ration
 k - 3 fruits


   Skills:
 * Level 1.9 Fighting
 - Level 1.5 Dodging
 - Level 2.4 Stealth
 - Level 3.2 Spellcasting
 - Level 1.0 Conjurations
   Level 1.0 Summonings
 + Level 1.0 Translocations


You had 2 spell levels left.
You knew the following spells:

 Your Spells              Type           Power        Failure   Level  Hunger
a - Magic Dart            Conj           #...         12%         1    None
b - Blink                 Tloc           N/A          17%         2    ##.....
c - Repel Missiles        Chrm/Air       #.....       28%         2    ##.....


Dungeon Overview and Level Annotations

Branches:
Dungeon (2/15)

Altars:


Innate Abilities, Weirdness & Mutations

You have razor-sharp teeth.
Your natural rate of healing is unusually fast.
When hurt, damage is shared between your health and your magic reserves.
Your bite disrupts and absorbs the magic of your enemies.
Potions and wands cannot restore your health.
You are immune to rotting.
You are partially covered in iridescent scales (AC +4).
You possess an exceptional clarity of mind.


Message History

Drink which item? (? for menu, Esc to quit)
It was a potion of cure mutation.
It has a very clean taste.
* * * LOW HITPOINT WARNING * * *
You feel sick. The adder bites you but does no damage.
The adder barely misses you.
Drink which item? (? for menu, Esc to quit)
It was a potion of mutation.
You feel extremely strange.
Iridescent scales grow over part of your body.
Your thoughts seem clearer.
Your teeth grow very long and razor-sharp.
* * * LOW HITPOINT WARNING * * *
You feel sick. The adder misses you.
Drink which item? (? for menu, Esc to quit)
Okay, then.
You closely miss the adder. You bite the adder. You drain its power.
You feel invigorated.
The adder is moderately wounded.
* * * LOW HITPOINT WARNING * * *
You feel sick. The adder barely misses you. The adder bites you.
You die...

#.......###.#.#.#...#
.........##...#...##.#
#.................## .
..............#...
................
########......#.#.####
..................#
######.##........#
#@##.##..#..#
#S##.##§.#.>...
#.##.##§§# ....
#(##.#§§§# ###
........##.###.#
.......?##.....#
........########
.##.#.#.# ...#.#.#


You could see an adder.

Vanquished Creatures
  2 ball pythons (D:1)
  4 goblins (D:1)
  2 hobgoblins (D:1)
  2 bats (D:1)
  A giant newt (D:1)
  4 kobolds (D:1)
  A rat (D:1)
16 creatures vanquished.

Notes
Turn   | Place    | Note
--------------------------------------------------------------
     0 | D:1      | wvc the Vine Stalker Wizard began the quest for the Orb.
     0 | D:1      | Reached XP level 1. HP: 9/9 MP: 5/5
    94 | D:1      | Reached skill level 1 in Fighting
   299 | D:1      | Reached XP level 2. HP: 11/14 MP: 0/7
   303 | D:1      | Learned a level 2 spell: Blink
   306 | D:1      | Learned a level 2 spell: Repel Missiles
  1341 | D:2      | Gained mutation: You are partially covered in iridescent scales (AC +4). [potion of mutation]
  1341 | D:2      | Gained mutation: You possess an exceptional clarity of mind. [potion of mutation]
  1341 | D:2      | Gained mutation: You have razor-sharp teeth. [potion of mutation]
  1342 | D:2      | Slain by an adder

Vault maps used:
D:1:      dpeg_arrival_stonehenge_12_columns, minmay_quantized
D:2:      nemelex_deck, minmay_misc_feat_square, dk_vineyard_2

Action                   || total
-------------------------++-------
Melee: Club              ||     2
 Cast: Magic Dart        ||    41
  Use: Scroll            ||     4
       Potion            ||     2
  Eat: Fruit             ||     2
